 Dungeon Crawl Stone Soup version 0.24.0-13-gcf9b319 (webtiles) character file.

Game seed: 12811269179444741331, levelgen mode: deterministic

644 Aeroq the Conjurer (level 7, -2/57 HPs)
             Began as a Pale Draconian Conjurer on Nov 30, 2019.
             Slain by a sky beast (5 damage)
             ... on level 5 of the Dungeon.
             The game lasted 00:17:20 (7471 turns).

Aeroq the Conjurer (Pale Draconian Conjurer)        Turns: 7471, Time: 00:17:20

Health: -2/57      AC:  6    Str: 10      XL:     7   Next: 26%
Magic:  13/13      EV: 13    Int: 16 (17) God:
Gold:   206        SH:  0    Dex: 12      Spells: 8/14 levels left

rFire    . . .     SeeInvis .   f - +1 short sword (protect)
rCold    . . .     Gourm    .   (no shield)
rNeg     . . .     Faith    .   (armour unavailable)
rPois    .         Spirit   .   (helmet restricted)
rElec    .         Reflect  .   (no cloak)
rCorr    .         Harm     .   (no gloves)
MR       .....                  (no boots)
Stlth    ++........             (no amulet)
HPRegen  0.19/turn              (no ring)
MPRegen  0.13/turn              (no ring)

@: no status effects
A: breathe steam, unfitting armour, cold-blooded, AC +6
a: Breathe Steam


You were on level 5 of the Dungeon.
You were not hungry.

You visited 1 branch of the dungeon, and saw 5 of its levels.

You collected 206 gold pieces.

Inventory:

Hand Weapons
 f - a +1 short sword of protection (weapon)
Missiles
 d - 2 atropa-tipped darts (quivered)
 g - 10 poisoned darts
Wands
 n - a wand of digging (3)
Scrolls
 a - 6 scrolls of remove curse
 e - 4 scrolls of identify
 h - 2 scrolls of teleportation
 j - a scroll of enchant armour
 k - a scroll of enchant weapon {unknown}
 o - a scroll of magic mapping {unknown}
Potions
 c - 2 potions of mutation {unknown}
 i - a potion of might {unknown}
 l - a potion of heal wounds {unknown}
 m - a potion of berserk rage {unknown}
Comestibles
 b - 3 rations


   Skills:
 + Level 3.2 Fighting
 + Level 3.4 Dodging
 - Level 1.8 Stealth
 * Level 4.3 Spellcasting
 * Level 6.2 Conjurations


You had 8 spell levels left.
You knew the following spells:

 Your Spells              Type           Power        Failure   Level  Hunger
a - Magic Dart            Conj           ###.         1%          1    None
b - Searing Ray           Conj           ###...       1%          2    ##.....
c - Dazzling Spray        Conj/Hex       ##....       14%         3    ###....

Your spell library contained the following spells:

 Spells                   Type           Power        Failure   Level  Hunger
 Iskenderun's Mystic Bla  Conj           ###.....     12%         4    ####...
 Force Lance              Conj/Tloc      ##......     41%         4    ####...
 Fulminant Prism          Conj/Hex       ##........   41%         4    ####...


Dungeon Overview and Level Annotations

Branches:
Dungeon (5/15)
 Temple: D:4-7

Altars:
Okawaru
Trog
Uskayaw
Wu Jian
Xom

Shops:
D:4 }

Annotations:
D:2 Sigmund
D:5 1 runed translucent door, Crazy Yiuf, Eustachio


Innate Abilities, Weirdness & Mutations

You can breathe blasts of scalding, opaque steam.
Your pale cyan-grey scales are hard. (AC +6)
You cannot fit into any form of body armour.
You are cold-blooded and may be slowed by cold attacks.


Message History

The sky beast hits you but does no damage.
You barely miss the sky beast.
The sky beast is severely wounded.
The sky beast flickers out of sight!
Deactivating autopickup; reactivate with Ctrl-A.
Something hits you. Something shocks you.
You barely miss something. Something hits you but does no damage.
You barely miss something. You tail-slap something.
Something hits you but does no damage. Something hits you.
Something shocks you.
You miss something. Something hits you. Something shocks you.
* * * LOW HITPOINT WARNING * * *
You miss something. Something hits you.
* * * LOW HITPOINT WARNING * * *
Something shocks you.
* * * LOW HITPOINT WARNING * * *
You closely miss something. Something hits you.
* * * LOW HITPOINT WARNING * * *
Something shocks you.
You die...

+...)<...
##.##[[..
#####.##....
#.....##....
#.######....
##########.#
#....
##.#........#.#
#....
#.............#
#....
#..{@....###
#....
#........#
#####
#........#
##########
####♣ ##.#..
#....P #.....


There were no monsters in sight!

Vanquished Creatures
  An ogre (D:5)
  Blork the orc (D:5)
  A crimson imp (D:5)
  An orc wizard (D:5)
  Ijyb (D:5)
  3 iguanas (D:4)
  Natasha (thrice) (D:4)
  3 worker ants
  6 adders
  An adder skeleton (D:5)
  3 worms
  3 leopard geckos
  11 orcs
  2 ball pythons (D:2)
  6 giant cockroaches
  6 goblins
  8 hobgoblins
  13 jackals
  7 kobolds
  A quokka (D:4)
  8 bats
  9 frilled lizards
  A leopard gecko zombie (D:5)
  6 rats
105 creatures vanquished.

Notes
Turn   | Place    | Note
-------+----------+-------------------------------------------
     0 | D:1      | Aeroq the Draconian Conjurer began the quest for the Orb.
     0 | D:1      | Reached XP level 1. HP: 14/14 MP: 3/3
   216 | D:1      | Reached XP level 2. HP: 10/20 MP: 0/5
   953 | D:2      | Found an iron altar of Okawaru.
   953 | D:2      | Found a bloodstained altar of Trog.
  1071 | D:2      | Reached XP level 3. HP: 17/27 MP: 0/6
  1357 | D:2      | Reached skill level 1 in Fighting
  1485 | D:2      | Found a hide-covered altar of Uskayaw.
  1593 | D:2      | Found a shimmering blue altar of Sif Muna.
  1594 | D:2      | Noticed Sigmund
  1595 | D:2      | Found a bloodstained altar of Trog.
  1595 | D:2      | Found a bloodstained altar of Trog.
  2430 | D:2      | Found a shadowy altar of Dithmenos.
  2430 | D:2      | Found a hazy altar of Hepliaklqana.
  2430 | D:2      | Found a shimmering altar of Xom.
  2690 | D:3      | Reached XP level 4. HP: 35/35 MP: 0/7
  3411 | D:3      | Learned a level 2 spell: Searing Ray
  3415 | D:3      | Learned a level 3 spell: Dazzling Spray
  3460 | D:3      | Reached skill level 5 in Conjurations
  3918 | D:4      | Reached XP level 5. HP: 36/41 MP: 1/9
  4098 | D:4      | Noticed Natasha
  4311 | D:4      | Found Noxoeh's Gadget Emporium.
  4445 | D:4      | HP: 3/61 [poisoned by a worker ant]
  4450 | D:4      | HP: 2/61 [Natasha (1)]
  4455 | D:4      | HP: 1/61 [poisoned by a worker ant]
  4457 | D:4      | Killed Natasha
  5666 | D:4      | Noticed Natasha
  5673 | D:4      | Killed Natasha
  5673 | D:4      | Reached XP level 6. HP: 49/49 MP: 3/11
  5968 | D:4      | Noticed Natasha
  5997 | D:4      | Killed Natasha
  6103 | D:4      | Found an ornate altar of the Wu Jian Council.
  6455 | D:5      | Entered Level 5 of the Dungeon
  6455 | D:5      | Noticed Ijyb
  6463 | D:5      | Killed Ijyb
  6606 | D:5      | Noticed Blork the orc
  6892 | D:5      | Reached skill level 6 in Conjurations
  6892 | D:5      | Your scales start taking on a pale cyan-grey colour.
  6892 | D:5      | Reached XP level 7. HP: 52/57 MP: 5/13
  7096 | D:5      | Killed Blork the orc
  7266 | D:5      | Found a runed translucent door.
  7267 | D:5      | Noticed Crazy Yiuf
  7357 | D:5      | Noticed Eustachio
  7471 | D:5      | Slain by a sky beast

Levels and vault maps discovered:
D:1:      dpeg_arrival_boxes_within_box, layout_basic
D:2:      layout_loops_ring, amethyst_overflow_temple_binary,
          eat_drink_and_be_merry_uskayaw, serial_bayou, serial_bayou_lagoon_a,
          serial_bayou_pond_a, serial_bayou_pond_c, serial_bayou_pond_d,
          doesnt_xom_only_xom, uniq_sigmund
D:3:      layout_loops_ring
D:4:      layout_cave_pods, lemuel_doored_altar, first_ration, serial_shops,
          shop, hangedman_abyss_or_decor_slice, uniq_natasha
D:5:      wander_guarded_unrand_ratskin, layout_basic,
          nicolae_overflow_crystal_walls, kennysheep_generic_room_12,
          uniq_eustachio, uniq_ijyb, uniq_crazy_yiuf_cottage, uniq_blork_the_orc

Skill      XL: |  1  2  3  4  5  6 |
---------------+-------------------+-----
Dodging        | 2 3 |  3.4
Fighting       | 1 2 3 |  3.2
Conjurations   | 5 6 |  6.2
Spellcasting   | 3 4 |  4.3
Stealth        | |  1.8

Action                   |  1- 3 |  4- 6 |  7- 9 || total
-------------------------+-------+-------+-------++-------
Melee: Short sword       |    70 |   153 |    56 ||   279
       Tailslap          |     4 |    10 |     7 ||    21
 Cast: Magic Dart        |    64 |    75 |    19 ||   158
       Searing Ray       |       |    10 |     2 ||    12
  Use: Scroll            |     2 |     3 |       ||     5
       Potion            |       |     4 |       ||     4
 Stab: Sleeping          |     1 |       |       ||     1
  Eat: Chunk             |     3 |     5 |       ||     8
       Ration            |     1 |     3 |     1 ||     5
Armor: Skin              |    71 |   105 |    31 ||   207
Dodge: Dodged            |   131 |   133 |    31 ||   295
